 Dungeon Crawl Stone Soup version 0.30-a0-739-gea05faddec (webtiles) character file.

Game seed: 8980240346124749366

141 porpoise the Chopper (level 5, -6/47 HPs)
             Began as a Hill Orc Monk on Feb 5, 2023.
             Mangled by Edmund
             ... wielding a +3 flail of protection
              (15 damage)
             ... on level 4 of the Dungeon.
             The game lasted 00:11:01 (2698 turns).

porpoise the Chopper (Hill Orc Monk)                Turns: 2698, Time: 00:11:02

Health: -6/47      AC:  9    Str: 16    XL:     5   Next: 24%
Magic:  5/5        EV: 11    Int: 16    God:
Gold:   126        SH:  0    Dex: 10    Spells: 4/4 levels left

rFire   . . .      SeeInvis +    a - +0 war axe
rCold   . . .      Faith    .    (no shield)
rNeg    . . .      Spirit   .    s - +0 ring mail
rPois   .          Reflect  .    p - +2 helmet of the Exiled Queens {rCorr Int+6 Dex-3 SInv}
rElec   .          Harm     .    (no cloak)
rCorr   +          Rampage  .    (no gloves)
Will    .....                    o - +0 pair of boots
Stlth   +                        (no amulet)
HPRegen 0.27/turn                (no ring)
MPRegen 0.09/turn                (no ring)

@: no status effects
A: no striking features
a: no special abilities


You were on level 4 of the Dungeon.
You visited 1 branch of the dungeon, and saw 4 of its levels.

You collected 126 gold pieces.

Inventory:

Hand Weapons
 a - a +0 war axe (weapon)
Missiles
 v - a curare-tipped dart (quivered)
Armour
 o - a +0 pair of boots (worn)
 p - the +2 helmet of the Exiled Queens (worn) {rCorr Int+6 Dex-3 SInv}
   (You found it on level 2 of the Dungeon)

   Int:       It affects your intelligence (+6).
   Dex:       It affects your dexterity (-3).
   SInv:      It lets you see invisible.
   rCorr:     It protects you from acid and corrosion.
 s - a +0 ring mail (worn)
Jewellery
 d - a ring of wizardry
 i - a ring of resist corrosion
Wands
 u - a wand of quicksilver (1)
Scrolls
 b - a scroll of enchant armour {unknown}
 e - a scroll of teleportation {unknown}
 f - a scroll of fog {unknown}
 g - a scroll of vulnerability {unknown}
 j - 2 scrolls of torment
 l - a scroll of magic mapping {unknown}
 n - a scroll of noise {unknown}
 q - 2 scrolls of fear
Potions
 c - a potion of ambrosia
 h - 2 potions of lignification
 k - a potion of mutation
 m - 2 potions of flight {unknown}
 r - a potion of brilliance {unknown}
 t - a potion of haste {unknown}


   Skills:
 + Level 4.9 Fighting
 * Level 6.7 Axes
 - Level 2.4 Dodging
 - Level 1.5 Stealth


You had 4 spell levels left.
You didn't know any spells.
Your spell library was empty.

Dungeon Overview and Level Annotations

Branches:
Dungeon (4/15)
 Temple: D:4-7

Altars:
Xom

Annotations:
D:4 Edmund


Message History

Edmund hits you with a +3 flail of protection.
Throw: 3 darts (curare)
Press: ? - help, Q - select action, (/) - cycle Shift-Dir - straight line, f/p - Edmund
Aim: Edmund, wielding a +3 flail of protection and wearing a +0 ring mail (strong, 61% to hit)
You throw a curare-tipped dart.
The curare-tipped dart closely misses Edmund.
Edmund hits you with a +3 flail of protection!
Throw: 2 darts (curare)
Press: ? - help, Q - select action, (/) - cycle Shift-Dir - straight line, f/p - Edmund
Aim: Edmund, wielding a +3 flail of protection and wearing a +0 ring mail (strong, 61% to hit)
You throw a curare-tipped dart. The curare-tipped dart hits Edmund.
Edmund is poisoned.
Edmund convulses.
Edmund seems to slow down.
Edmund is lightly wounded.
Edmund hits you with a +3 flail of protection!
You slash Edmund!
Edmund is moderately wounded.
Edmund hits you with a +3 flail of protection.
You barely miss Edmund.
Edmund is moderately wounded.
Edmund closely misses you.
You hit Edmund.
Edmund is heavily wounded.
Edmund hits you with a +3 flail of protection!
* * * LOW HITPOINT WARNING * * *
You barely miss Edmund.
Edmund is heavily wounded.
Edmund completely misses you.
You closely miss Edmund.
Edmund is heavily wounded.
Edmund hits you but does no damage.
You hit Edmund but do no damage.
Edmund is heavily wounded.
You closely miss Edmund.
Edmund is severely wounded.
Edmund misses you.
You slash Edmund!
Edmund is almost dead.
Edmund hits you with a +3 flail of protection!
You die...

### ?.# #
#.# #(##.##
#..@!.#
#######@.#
...........#
#.########.#
#.# #....#
#. #.#
#.#### #.
#.# #.#
..### #.#
#.# ....#
#.#####.#
....#
#.......#


You could see Edmund (strong, poisoned, slow).

Vanquished Creatures
  An orc wizard (D:3)
  3 adders
  3 worms
  2 dart slugs (D:3)
  4 orcs (D:3)
  6 ball pythons
  8 endoplasms
  3 giant cockroaches (D:2)
  4 hobgoblins
  5 jackals
  2 quokkas
  8 bats
  4 frilled lizards
  5 goblins
  4 kobolds
  8 rats
70 creatures vanquished.

Notes
Turn   | Place    | Note
-------+----------+-------------------------------------------
     0 | D:1      | porpoise the Hill Orc Monk began the quest for the Orb.
     0 | D:1      | Reached XP level 1. HP: 19/19 MP: 1/1
   194 | D:1      | Reached XP level 2. HP: 26/27 MP: 2/2
   773 | D:2      | Reached skill level 5 in Axes
   773 | D:2      | Reached XP level 3. HP: 15/33 MP: 3/3
  1261 | D:2      | Identified the +2 helmet of the Exiled Queens {rCorr Int+6
                  | Dex-3 SInv}
  1363 | D:2      | Reached XP level 4. HP: 35/41 MP: 4/4
  1860 | D:3      | Reached skill level 6 in Axes
  2170 | D:3      | Reached XP level 5. HP: 34/47 MP: 5/5
  2574 | D:3      | Found a shimmering altar of Xom.
  2686 | D:4      | Noticed Edmund
  2698 | D:4      | Mangled by Edmund

Illustrated notes

Levels and vault maps discovered:
D:1:      dpeg_arrival_tiny_h, layout_loops_cross
D:2:      layout_loops_ring
D:3:      layout_loops_cross, lemuel_coloured_pillars_altar
D:4:      layout_basic, uniq_edmund, uniq_duvessa

Skill      XL: |  1  2  3  4 |
---------------+-------------+-----
Fighting       | 4 |  4.9
Axes           | 5 6 |  6.7
Dodging        | |  2.4
Stealth        | |  1.5

Action                     |  1- 3 |  4- 6 || total
---------------------------+-------+-------++-------
  Melee: Hand axe          |   141 |    80 ||   221
         War axe           |       |    47 ||    47
  Throw: Dart              |       |     4 ||     4
    Use: Scroll            |       |     4 ||     4
   Stab: Sleeping          |     3 |       ||     3
 Armour: Robe              |    15 |       ||    15
         Leather armour    |    13 |       ||    13
         Ring mail         |       |    51 ||    51
  Dodge: Dodged            |    62 |    59 ||   121

Table legend: (Time is in decaauts)
 A = Elapsed time spent in this place.
 B = Non-inter-level travel time spent in this place.
 C = Inter-level travel time spent in this place.
 D = Time resting spent in this place.
 E = Time spent auto-exploring this place.
 F = Levels seen in this place.
 G = Mean time per level.
                   A        B        C        D        E       F      G
               +--------+--------+--------+--------+--------+-----+--------+
         Total |   2712 |   2673 |     39 |    541 |   1401 |   4 |  678.0 |
       Dungeon |   2712 |   2673 |     39 |    541 |   1401 |   4 |  678.0 |
               +--------+--------+--------+--------+--------+-----+--------+

Top non-repeatable levels by time:
     D:2: 1003 daAuts
     D:3: 967 daAuts
     D:1: 679 daAuts
     D:4: 62 daAuts
